 Dungeon Crawl Stone Soup version 0.21.1-1-g345015f (webtiles) character file.

113 sking99 the Magician (level 4, -3/24 HPs)
             Began as a Deep Elf Venom Mage on July 1, 2018.
             Killed from afar by Natasha (9 damage)
             ... with a wand of flame (7)
             ... on level 2 of the Dungeon.
             The game lasted 00:05:53 (2037 turns).

sking99 the Magician (Deep Elf Venom Mage)          Turns: 2037, Time: 00:05:54

Health: -3/24      AC:  2    Str:  5    XL:     4   Next: 65%
Magic:  0/12       EV: 13    Int: 21    God:
Gold:   61         SH:  0    Dex: 15    Spells: 9/12 levels left

rFire    . . .     SeeInvis .   i - +1 whip (flame)
rCold    . . .     Gourm    .   (no shield)
rNeg     . . .     Faith    .   a - +0 robe
rPois    .         Spirit   .   (no helmet)
rElec    .         Reflect  .   (no cloak)
rCorr    .         Harm     .   (no gloves)
MR       .....                  (no boots)
Stlth    ++........             (no amulet)
HPRegen  0.08/turn              (no ring)
MPRegen  0.13/turn              (no ring)

@: no status effects
A: no striking features
a: no special abilities


You were on level 2 of the Dungeon.
You were hungry.

You visited 1 branch of the dungeon, and saw 2 of its levels.

You collected 61 gold pieces.

Inventory:

Hand Weapons
 i - a +1 whip of flaming (weapon)
Armour
 a - a +0 robe (worn)
Scrolls
 d - 3 scrolls of enchant weapon {unknown}
 f - a scroll of enchant armour {unknown}
 h - 3 scrolls of remove curse {unknown}
 j - a scroll of blinking {unknown}
 k - 2 scrolls of identify {unknown}
 n - a scroll of teleportation {unknown}
 o - a scroll of immolation {unknown}
Potions
 e - a potion of magic {unknown}
 l - a potion of heal wounds {unknown}
 m - a potion of lignification {unknown}
Books
 b - a Young Poisoner's Handbook

   Spells                             Type                      Level
   a - Sting                          Conjuration/Poison           1
   b - Poisonous Vapours              Poison/Air                   2
   c - Mephitic Cloud                 Conjuration/Poison/Air       3
   d - Olgreb's Toxic Radiance        Poison                       4
   e - Venom Bolt                     Conjuration/Poison           5
Comestibles
 c - 3 rations


   Skills:
 + Level 0.1 Maces & Flails
 + Level 2.7 Dodging
 + Level 2.9 Stealth
 + Level 4.6 Spellcasting
 + Level 1.6 Conjurations
 * Level 0.6 Air Magic
 + Level 4.4 Poison Magic


You had 9 spell levels left.
You knew the following spells:

 Your Spells              Type           Power        Failure   Level  Hunger
a - Sting                 Conj/Pois      ###.         3%          1    None
b - Poisonous Vapours     Pois/Air       ###...       6%          2    #......


Dungeon Overview and Level Annotations

Branches:
Dungeon (2/15)

Altars:

Annotations:
D:2 Natasha, Terence


Message History

Casting: Sting
Confirm with . or Enter, or press ? or * to list all spells.
Aiming: Sting
Press: ? - help, Shift-Dir - straight line, f - Natasha
Aim: Natasha (hasn't noticed you)
Okay, then.
Casting: Sting
Confirm with . or Enter, or press ? or * to list all spells.
Aiming: Poisonous Vapours
Press: ? - help, Dir - move target cursor, f - Natasha
Aim: Natasha (hasn't noticed you) Poisonous vapours surround Natasha!
Natasha hisses angrily.
Natasha is engulfed in poison gas.
Natasha is poisoned.
Natasha zaps a wand.
The puff of flame hits you!
It is a wand of flame (8).
Natasha mewls in sadness.
Natasha zaps a wand.
The puff of flame hits you!
* * * LOW HITPOINT WARNING * * *
Natasha zaps a wand.
The puff of flame hits you!
You die...

####
#..####......##.##.......# #
#..####..###.##..........# #
#..#.....# #<####........# #
#..#<##..###..)..........# #
#............####........# #
####.######### #.##...### #
#.# #######.......#
#########.# #.....#.##.#..#
.......#..######@....#.......#
........))))h........#.#.#.#.#
.......#.#######.....#.##.# #
########.# #.....#.##.##.# #
#.# #######.......# # #.#
########.#### ## ##.##
#.(......# .# ##...##
#.##.#.### .#
##.....#######.##.#.#


You could see Natasha.

Vanquished Creatures
  Natasha (D:2)
  Robin (D:2)
  2 adders (D:2)
  An ooze (D:1)
  A worm (D:2)
  2 dart slugs
  A giant cockroach (D:2)
  7 goblins
  8 hobgoblins
  8 jackals (D:1)
  A quokka (D:2)
  4 bats (D:1)
  A frilled lizard (D:1)
  2 kobolds (D:1)
  7 rats
47 creatures vanquished.

Notes
Turn   | Place    | Note
-------+----------+-------------------------------------------
     0 | D:1      | sking99 the Deep Elf Venom Mage began the quest for the Orb.
     0 | D:1      | Reached XP level 1. HP: 10/10 MP: 6/6
   239 | D:1      | Reached XP level 2. HP: 15/15 MP: 5/8
   837 | D:1      | Learned a level 2 spell: Poisonous Vapours
   880 | D:1      | Reached XP level 3. HP: 19/19 MP: 4/9
  1648 | D:2      | Noticed Terence
  1736 | D:2      | Noticed Natasha
  1742 | D:2      | Killed Natasha
  1742 | D:2      | Reached XP level 4. HP: 17/24 MP: 6/12
  1993 | D:2      | Noticed Robin
  2000 | D:2      | Killed Robin
  2013 | D:2      | Noticed Natasha
  2037 | D:2      | Killed from afar by Natasha

Skill      XL: |  1  2  3 |
---------------+----------+-----
Poison Magic   | 4 |  4.4
Spellcasting   | 4 |  4.6
Maces & Flails | |  0.1
Dodging        | |  2.7
Stealth        | |  2.9
Conjurations   | |  1.6
Air Magic      | |  0.6

Action                   |  1- 3 |  4- 6 || total
-------------------------+-------+-------++-------
Melee: Unarmed           |     2 |       ||     2
       Whip              |    10 |       ||    10
 Cast: Sting             |    65 |    21 ||    86
       Poisonous Vapours |    15 |     7 ||    22
  Eat: Chunk             |     3 |       ||     3
Armor: Robe              |     6 |     1 ||     7
Dodge: Dodged            |    27 |     4 ||    31
